Map: Dreamcatcher LE

Players

Rob

  • Race: Protoss Protoss
  • League: Grandmaster
  • Spawn Location: 11:00

Jason - Winner!

  • Race: Terran Terran
  • League: Grandmaster
  • Spawn Location: 5:00

VOD

Have the link to the VOD?

Description

Time

  • Played on: May 13, 2019, 8:40 p.m.
  • Length: 4:17
Show
View Real Time Build Order
Export as new Build Order

Rob Protoss 

Build Orders: 1 Gate Expand 

Get SALT Encoding   

  12  0:00  Probe  
  13  0:12  Probe  
  14  0:19  Pylon  
  14  0:24  Probe  
  15  0:33  Probe  
  15  0:40  Gateway  
  15  0:41  Probe  
  16  0:49  Assimilator  
  17  0:51  Probe  
  18  1:04  Probe  
  19  1:16  Probe  
  20  1:27  Cybernetics Core  
  20  1:34  Zealot, Nexus  
  21  1:46  Pylon  
  22  1:56  Zealot  
  23  2:10  Shield Battery  
  22  2:20  Shield Battery  
  20  2:26  Stalker  
  14  3:14  Probe  
  14  3:19  Pylon  
  13  3:24  Probe  
  13  3:26  Probe  
  15  3:39  Gateway  
  15  3:44  Probe  
Show
View Real Time Build Order
Export as new Build Order

Jason Terran - Winner!

Build Orders:  

Get SALT Encoding   

  12  0:02  SCV  
  13  0:14  SCV  
  13  0:18  Supply Depot  
  14  0:26  SCV  
  15  0:41  Barracks  
  15  0:56  Barracks  
  15  1:05  Barracks  
  15  1:10  SCV  
  17  1:29  Orbital Command, Marine  
  17  1:35  Supply Depot  
  17  1:44  Marine  
  18  1:49  Marine  
  18  1:53  Marine  
  20  2:07  Marine x2  
  21  2:21  Bunker x2  
  20  2:43  Marine  
  19  2:47  Marine  
  18  2:53  SCV  
  18  2:54  Bunker  
  19  3:00  Marine  
  19  3:05  SCV  
  19  3:13  Marine  
  19  3:17  SCV  
  20  3:20  Marine  
  20  3:25  Marine  
  21  3:29  SCV  
  21  3:31  Marine  
  23  3:37  Marine  
  24  3:41  SCV  
  24  3:43  Marine  
  26  3:49  Marine  
  26  3:50  Bunker  
  26  3:54  Bunker  
  25  3:57  Marine  
Tags
 
Add a new tag
Caveats
  • Supply blocks, unpowered buildings, or Contaminate may cause inaccurate times.
  • Supply counts are checked every 10 seconds.